 Dungeon Crawl Stone Soup version 0.21.1-1-g345015f (webtiles) character file.

93 Mirai the Conjurer (level 4, 0/24 HPs)
             Began as a Deep Elf Conjurer on Apr 5, 2018.
             Slain by a gnoll
             ... wielding a +0 spear
              (10 damage)
             ... on level 2 of the Dungeon.
             The game lasted 00:04:46 (1877 turns).

Mirai the Conjurer (Deep Elf Conjurer)              Turns: 1877, Time: 00:04:47

Health: 0/24       AC:  2    Str:  5    XL:     4   Next: 37%
Magic:  3/12       EV: 13    Int: 21    God:
Gold:   51         SH:  0    Dex: 15    Spells: 4/11 levels left

rFire    . . .     SeeInvis .   (no weapon)
rCold    . . .     Gourm    .   (no shield)
rNeg     . . .     Faith    .   a - +0 robe
rPois    .         Spirit   .   (no helmet)
rElec    .         Reflect  .   (no cloak)
rCorr    .         Harm     .   (no gloves)
MR       .....                  (no boots)
Stlth    ++........             k - amulet of inaccuracy (curse)
HPRegen  0.08/turn              (no ring)
MPRegen  0.13/turn              (no ring)

@: no status effects
A: no striking features
a: no special abilities


You were on level 2 of the Dungeon.
You were not hungry.

You visited 1 branch of the dungeon, and saw 2 of its levels.

You collected 51 gold pieces.

Inventory:

Armour
 a - a +0 robe (worn)
Jewellery
 k - a cursed amulet of inaccuracy (around neck)
Scrolls
 d - 6 scrolls of identify {unknown}
 e - a scroll of teleportation {unknown}
 g - a scroll of noise {unknown}
Potions
 f - a potion of curing {unknown}
 h - 2 potions of resistance {unknown}
 i - a potion of flight {unknown}
 l - a potion of lignification {unknown}
Books
 b - a book of Conjurations

   Spells                             Type                      Level
   a - Magic Dart                     Conjuration                  1
   b - Searing Ray                    Conjuration                  2
   c - Dazzling Spray                 Conjuration/Hexes            3
   d - Fulminant Prism                Conjuration/Hexes            4
   e - Force Lance                    Conjuration/Translocation    4
   f - Iskenderun's Mystic Blast      Conjuration                  4
Comestibles
 c - 5 rations
 j - 5 chunks of flesh


   Skills:
 + Level 0.7 Fighting
 + Level 2.9 Dodging
 - Level 3.0 Stealth
 + Level 4.1 Spellcasting
 + Level 5.4 Conjurations


You had 4 spell levels left.
You knew the following spells:

 Your Spells              Type           Power        Failure   Level  Hunger
a - Magic Dart            Conj           ####         1%          1    None
b - Searing Ray           Conj           ####..       1%          2    #......
c - Iskenderun's Mystic   Conj           ####....     13%         4    ####...


Dungeon Overview and Level Annotations

Branches:
Dungeon (2/15)

Altars:


Message History

Press: ? - help, Shift-Dir - straight line The searing ray misses the orc priest.
The searing ray hits the orc.
You kill the orc! (Press . to maintain the ray.)
A gnoll comes into view. It is wielding a spear.
The searing ray hits the orc.
The orc is severely wounded.
The orc priest barely misses you.
The searing ray hits the orc.
You kill the orc!
The orc priest invokes the aid of Beogh against you.
Beogh smites you!
Ouch! That really hurt!
The searing ray hits the kobold.
You kill the kobold!
The searing ray hits the gnoll.
The gnoll is almost dead.
You finish channeling your searing ray.
The orc priest hits you with a club.
The gnoll hits you from afar with a spear!
You die...

.......######.####
#..#
#............#
###..#
#..#####......
......... #..8...
........ #.....#
..##### ##.....#
#g# ##.##..##
#)###### #.#####.#
#@o....# #.# #.#
######.# #.## ##.#
.....#.####.###.##
#.....).....###
#.......##.####
.....#.###........
....##.# ###......
###. #.# ##...)..
# ... ........


You could see an orc priest and a gnoll.

Vanquished Creatures
  A worker ant zombie (D:2)
  A gnoll (D:2)
  A worm (D:2)
  2 dart slugs (D:1)
  2 leopard geckos
  4 orcs (D:2)
  A bat skeleton (D:2)
  6 giant cockroaches
  4 goblins
  6 hobgoblins
  4 jackals (D:1)
  A ball python (D:2)
  4 bats
  5 frilled lizards
  A giant cockroach zombie (D:2)
  10 kobolds
  A quokka skeleton (D:2)
  A quokka zombie (D:2)
  4 rats
59 creatures vanquished.

Notes
Turn   | Place    | Note
-------+----------+-------------------------------------------
     0 | D:1      | Mirai the Deep Elf Conjurer began the quest for the Orb.
     0 | D:1      | Reached XP level 1. HP: 10/10 MP: 6/6
   143 | D:1      | Reached XP level 2. HP: 12/15 MP: 1/8
   225 | D:1      | Learned a level 2 spell: Searing Ray
   465 | D:1      | Reached skill level 5 in Conjurations
   822 | D:1      | Reached XP level 3. HP: 20/20 MP: 7/10
  1540 | D:2      | Reached XP level 4. HP: 14/24 MP: 0/11
  1630 | D:2      | Learned a level 4 spell: Iskenderun's Mystic Blast
  1877 | D:2      | Slain by a gnoll

Skill      XL: |  1  2  3  4 |
---------------+-------------+-----
Conjurations   | 5 |  5.4
Stealth        | 3 |  3.0
Spellcasting   | 4 |  4.1
Fighting       | |  0.7
Dodging        | |  2.9

Action                   |  1- 3 |  4- 6 || total
-------------------------+-------+-------++-------
Melee: Unarmed           |    29 |     1 ||    30
 Cast: Magic Dart        |    74 |    15 ||    89
       Searing Ray       |     8 |     3 ||    11
  Eat: Chunk             |     2 |     1 ||     3
Armor: Robe              |    23 |       ||    23
Dodge: Dodged            |    81 |     2 ||    83
